 Dungeon Crawl Stone Soup version 0.26.1-11-gd32895ea62 (webtiles) character file.

Game seed: 10760502130630258071

781 Zeld the Cruncher (level 7, -6/45 HPs)
             Began as an Octopode Gladiator on May 20, 2021.
             Was a Follower of Wu Jian.
             Mangled by Pikel
             ... wielding a +1 whip of freezing
              (10 damage)
             ... on level 5 of the Dungeon.
             The game lasted 00:08:17 (8732 turns).

Zeld the Cruncher (Octopode Gladiator)              Turns: 8732, Time: 00:08:17

Health: -6/45      AC:  1    Str: 13    XL:     7   Next: 85%
Magic:  7/7        EV: 14    Int: 10    God:    Wu Jian [*.....]
Gold:   547        SH:  0    Dex: 16    Spells: 6/6 levels left

rFire    + . .     SeeInvis .   a - +4 quarterstaff
rCold    . . .     Faith    .   (shield currently unavailable)
rNeg     . . .     Spirit   .   b - +0 hat
rPois    .         Reflect  .   (no amulet)
rElec    .         Harm     .   j - ring of resist corrosion
rCorr    +         Rampage  .   g - ring of protection from fire
Will     .....                  (no ring)
Stlth    ++........             (no ring)
HPRegen  0.15/turn              (no ring)
MPRegen  0.10/turn              (no ring)
                                (no ring)
                                (no ring)

@: no status effects
A: almost no armour, stealthy swim, amphibious, 8 rings, constrict 8, camouflage
1, gelatinous body 1
a: Renounce Religion


You were on level 5 of the Dungeon.
You worshipped Wu Jian.
Wu Jian was aware of your devotion.
You visited 2 branches of the dungeon, and saw 7 of its levels.
You also visited: Ossuary.

You collected 547 gold pieces.

Inventory:

Hand Weapons
 a - a +4 quarterstaff (weapon)
Missiles
 c - 3 throwing nets
 f - 11 boomerangs (quivered)
Armour
 b - a +0 hat (worn)
Jewellery
 g - a ring of protection from fire (right tentacle)
 j - a ring of resist corrosion (left tentacle)
Scrolls
 d - a scroll of identify
 k - 2 scrolls of amnesia
 m - a scroll of magic mapping
 o - a scroll of blinking
 s - 5 scrolls of remove curse
Potions
 e - 3 potions of curing
 h - 3 potions of ambrosia {unknown}
 i - a potion of haste {unknown}
 l - a potion of heal wounds {unknown}
 n - 2 potions of brilliance {unknown}
 p - 2 potions of lignification {unknown}
 q - 2 potions of invisibility {unknown}
 r - a potion of attraction {unknown}
 t - a potion of magic {unknown}


   Skills:
 - Level 2.0 Fighting
 * Level 9.0 Staves
 - Level 2.0 Throwing
 - Level 3.0 Dodging


You had 6 spell levels left.
You didn't know any spells.
Your spell library was empty.

Dungeon Overview and Level Annotations

Branches:
Dungeon (6/15)             Temple (1/1) D:5         Ossuary (visited)

Altars:
Ashenzari
Cheibriados
Dithmenos
Elyvilon
Gozag
Hepliaklqana
Makhleb
Nemelex Xobeh
Qazlal
Sif Muna
Trog
Uskayaw
Vehumet
Wu Jian
Xom
Zin

Annotations:
D:5 2 transporters, Pikel; robloxmaster's ghost, novice HOFi


Innate Abilities, Weirdness & Mutations

You cannot wear most types of armour.
You are very stealthy in the water. (Stealth+)
You are amphibious.
You can wear up to eight rings at the same time.
You can use your tentacles to constrict eight enemies at once.
Your skin changes colour to match your surroundings (Stealth+).
Your rubbery body absorbs attacks. (AC +1, EV +1)


Message History

You constrict the lemure. The lemure hits you. Pikel barely misses you.
You hit the lemure. You squeeze the lemure.
The lemure is almost dead.
You constrict the lemure.
You kill the lemure!
That felt strangely unrewarding.
You spin and attack Pikel repeatedly.
You hit Pikel. You grab Pikel. You squeeze Pikel, but do no damage.
Pikel is lightly wounded.
You hit Pikel. You squeeze Pikel, but do no damage.
Pikel is lightly wounded.
You constrict Pikel.
Pikel hits you with a +1 whip of freezing!
* * * LOW HITPOINT WARNING * * *
Pikel freezes you.
* * * LOW HITPOINT WARNING * * *
Okay, then.
You release your grip on Pikel.
Pikel hits you with a +1 whip of freezing!
You die...

###########
#...@K...>#
#.#######.# #...#
#.# ###.# #.#
#.#####.##
#........#
#######..#
########....#..##
#...........#...#
######


You could see Pikel.

Vanquished Creatures
  A centaur (D:5)
  3 lemures
  2 scorpions
  2 hounds
  2 bullfrog skeletons
  A centaur skeleton (D:4)
  An iguana (D:5)
  Jessica (D:2)
  3 orc wizards
  3 worker ants
  4 big kobold zombies (Ossuary)
  2 mummies (Ossuary)
  6 adders
  An ooze (D:1)
  3 worms (D:2)
  2 dart slugs
  A leopard gecko (D:1)
  15 orcs
  3 giant cockroaches
  3 goblins
  4 hobgoblins
  4 jackals
  A quokka (D:4)
  A ball python (D:3)
  6 bats
  10 frilled lizards
  4 gnoll zombies (Ossuary)
  4 goblin zombies
  2 hobgoblin zombies (Ossuary)
  6 kobolds
  2 orc zombies (Ossuary)
  A quokka zombie (D:5)
  6 rats
110 creatures vanquished.

Notes
Turn   | Place    | Note
-------+----------+-------------------------------------------
     0 | D:1      | Zeld the Octopode Gladiator began the quest for the Orb.
     0 | D:1      | Reached XP level 1. HP: 14/14 MP: 1/1
   219 | D:1      | Reached XP level 2. HP: 19/19 MP: 2/2
   374 | D:1      | Found a broken altar of Ashenzari.
   513 | D:1      | Reached skill level 4 in Staves
   755 | D:1      | Reached XP level 3. HP: 21/24 MP: 3/3
  1443 | D:2      | Found an ornate altar of the Wu Jian Council.
  1610 | D:2      | Became a worshipper of the Wu Jian Council
  1755 | D:2      | Noticed Jessica
  1758 | D:2      | Reached XP level 4. HP: 29/29 MP: 4/4
  1766 | D:2      | Killed Jessica
  1767 | D:2      | Reached skill level 5 in Staves
  2263 | D:3      | Found a hazy altar of Hepliaklqana.
  2321 | D:3      | Found a hide-covered altar of Uskayaw.
  3421 | D:4      | Found an opulent altar of Gozag.
  3422 | D:4      | Found a glowing silver altar of Zin.
  3590 | D:4      | Reached XP level 5. HP: 26/34 MP: 5/5
  3593 | D:4      | Reached skill level 6 in Staves
  4148 | D:4      | Reached XP level 6. HP: 39/39 MP: 6/6
  4317 | D:4      | Reached * piety under Wu Jian
  4911 | D:4      | Reached skill level 7 in Staves
  5242 | D:5      | Entered Level 5 of the Dungeon
  5832 | D:5      | Reached XP level 7. HP: 18/45 MP: 7/7
  6141 | D:5      | Reached skill level 8 in Staves
  6227 | D:5      | Found a transporter.
  6229 | D:5      | Noticed robloxmaster's ghost (novice HOFi)
  7085 | D:5      | Found a shadowy altar of Dithmenos.
  7104 | D:5      | Found a transporter.
  7403 | D:5      | Found a staircase to the Ecumenical Temple.
  7636 | Temple   | Entered the Ecumenical Temple
  8086 | D:6      | Found a sand-covered staircase.
  8108 | Ossuary  | Entered an ossuary
  8559 | Ossuary  | Reached skill level 9 in Staves
  8666 | D:6      | Noticed Pikel
  8732 | D:5      | Mangled by Pikel

Illustrated notes

Levels and vault maps discovered:
D:1:      giann_horns, layout_basic, evilmike_ruin_ashenzari
D:2:      layout_rooms, nicolae_overflow_hidden_temple, uniq_jessica
D:3:      layout_loops_ring, eat_drink_and_be_merry_uskayaw,
          nzn_hepliaklqana_mist_gate, serial_co_window_serial,
          co_window_paths_a, co_window_paths_b, co_window_paths_a,
          co_window_paths_b, co_window_corner_a, co_window_unsneaky_path_c,
          co_window_2corner, co_window_broadway_a, co_window_unsneaky_path_d,
          co_window_broadway_a, co_window_corner_ca, glass_columns_c,
          glass_columns_c, glass_columns_b, glass_columns_a, glass_columns_a,
          columned_hall_lemuel, minmay_fountain_box
D:4:      layout_cave_pods, grunt_temple_overflow_gold_and_silver,
          serial_co_window_serial, co_window_corner_a, co_window_paths_a,
          co_window_paths_a, co_window_cross_1, co_window_of_opportunity_a,
          co_window_paths_a, co_window_corner_a, co_window_2corner,
          co_window_2corner, co_window_corner_b, co_window_broadway_b,
          co_window_paths_d, hangedman_decor_push
D:5:      layout_basic, kennysheep_mini, temple_statues, gammafunk_ghost_arena
D:6:      layout_layer_cave, lemuel_coloured_pillars_altar,
          yredelemnul_forgotten_temple_becter, enter_ossuary_4,
          elyvilon_altar_4, uniq_pikel
Temple:   compressed_dpeg_triangle_lava_temple

Skill      XL: |  1  2  3  4  5  6  7 |
---------------+----------------------+-----
Staves         | 4 5 6 7 9 |  9.0
Fighting       | |  2.0
Throwing       | |  2.0
Dodging        | |  3.0

Action                   |  1- 3 |  4- 6 |  7- 9 || total
-------------------------+-------+-------+-------++-------
Melee: Quarterstaff      |    65 |    83 |   102 ||   250
       Tentacles         |    11 |    18 |    22 ||    51
       Constrict         |    13 |    24 |    27 ||    64
Invok: Lunge             |     1 |     4 |    10 ||    15
       Whirlwind         |       |     1 |     2 ||     3
  Use: Scroll            |       |     8 |     5 ||    13
 Stab: Sleeping          |     7 |     3 |     2 ||    12
Armor: Skin              |     3 |     3 |     3 ||     9
Dodge: Dodged            |    40 |    61 |    58 ||   159
